 Dungeon Crawl Stone Soup version 0.21.1-1-g345015fe64 (webtiles) character file.

141 Knicklaso the Vandal (level 5, 0/36 HPs)
             Began as a Halfling Hunter on Apr 10, 2018.
             Slain by Lusmu's ghost (4 damage)
             ... on level 3 of the Dungeon.
             The game lasted 00:04:48 (2509 turns).

Knicklaso the Vandal (Halfling Hunter)              Turns: 2509, Time: 00:04:48

Health: 0/36       AC:  3    Str: 14    XL:     5   Next: 48%
Magic:  5/5        EV: 16    Int:  9    God:
Gold:   78         SH:  0    Dex: 15    Spells: 4/4 levels left

rFire    . . .     SeeInvis .   a - +1 hunting sling
rCold    . . .     Gourm    .   (shield restricted)
rNeg     . . .     Faith    .   c - +0 leather armour
rPois    .         Spirit   .   (no helmet)
rElec    .         Reflect  .   (no cloak)
rCorr    .         Harm     .   (no gloves)
MR       .....                  (no boots)
Stlth    ++........             (no amulet)
HPRegen  0.12/turn              (no ring)
MPRegen  0.09/turn              (no ring)

@: no status effects
A: small, mutation resistance 1
a: no special abilities


You were on level 3 of the Dungeon.
You were not hungry.

You visited 1 branch of the dungeon, and saw 3 of its levels.

You collected 78 gold pieces.

Inventory:

Hand Weapons
 a - a +1 hunting sling (weapon)
 b - a +2 flail of crushing
 p - a +0 short sword
Missiles
 d - 12 sling bullets
 g - 45 stones (quivered)
Armour
 c - a +0 leather armour (worn)
Scrolls
 e - 5 scrolls of identify {unknown}
 h - 3 scrolls of teleportation {unknown}
 j - a scroll of fog {unknown}
 o - a scroll of amnesia {unknown}
 q - a scroll of fear {unknown}
 r - 3 scrolls of magic mapping {unknown}
Potions
 i - 2 potions of degeneration {unknown}
 k - a potion of magic {unknown}
 l - 2 potions of flight {unknown}
 m - a potion of agility {unknown}
 n - a potion of brilliance {unknown}
Comestibles
 f - 3 rations


   Skills:
 + Level 3.0 Fighting
 * Level 1.1 Maces & Flails
 - Level 5.8 Slings
 + Level 2.5 Armour
 + Level 3.6 Dodging
 - Level 1.1 Stealth


You had 4 spell levels left.
You didn't know any spells.

Dungeon Overview and Level Annotations

Branches:
Dungeon (3/15)

Altars:

Annotations:
D:3 Lusmu's ghost, amateur DrFE


Innate Abilities, Weirdness & Mutations

You are small and have problems with some larger weapons.
You are somewhat resistant to further mutation.


Message History

Press: ? - help, Shift-Dir - straight line, f/p - Lusmu's ghost
Aim: Lusmu's ghost (heavily damaged)
You shoot a stone. The stone barely misses Lusmu's ghost.
The stone closely misses the jackal.
Lusmu's ghost hits you.
Firing (i - inventory. (,) - cycle):
g - 47 stones (quivered)
Press: ? - help, Shift-Dir - straight line, f/p - Lusmu's ghost
Aim: Lusmu's ghost (heavily damaged)
You shoot a stone.
The stone hits Lusmu's ghost but does no damage.
Lusmu's ghost is heavily damaged.
Lusmu's ghost hits you!
* * * LOW HITPOINT WARNING * * *
Firing (i - inventory. (,) - cycle):
g - 46 stones (quivered)
Press: ? - help, Shift-Dir - straight line, f/p - Lusmu's ghost
Aim: Lusmu's ghost (heavily damaged)
You shoot a stone. The stone barely misses Lusmu's ghost.
The stone hits the jackal but does no damage.
The jackal is lightly wounded.
Lusmu's ghost hits you.
You die...

### #.# #.#########
#......)).# #.#######.#
#.#.......######
#############<#............#
.............@..#..........#
#......#####W#.#......#######
#......# ##h#.#.............
#......# #((#.#......#######
#......## #(##.#......#
#.......###(# .#......#
.......#..h#(# .#.#+#.##
######.#.#.#<##.#. #.#
#...#h#..# # #.#


You could see Lusmu's ghost and a jackal.

Vanquished Creatures
  6 gnolls
  An adder (D:2)
  An ooze (D:3)
  2 worms (D:2)
  3 dart slugs
  2 leopard geckos (D:2)
  6 bats
  5 giant cockroaches
  5 hobgoblins
  10 jackals
  3 kobolds
  A quokka (D:3)
  2 ball pythons
  6 goblins
53 creatures vanquished.

Notes
Turn   | Place    | Note
-------+----------+-------------------------------------------
     0 | D:1      | Knicklaso the Halfling Hunter began the quest for the Orb.
     0 | D:1      | Reached XP level 1. HP: 14/14 MP: 1/1
    61 | D:1      | Reached XP level 2. HP: 19/19 MP: 2/2
   236 | D:1      | Reached skill level 1 in Armour
   525 | D:1      | Reached XP level 3. HP: 24/24 MP: 3/3
  1167 | D:2      | Reached XP level 4. HP: 30/30 MP: 4/4
  1872 | D:3      | Reached XP level 5. HP: 36/36 MP: 5/5
  1927 | D:3      | Noticed Lusmu's ghost (amateur DrFE)
  2193 | D:3      | Reached skill level 1 in Maces & Flails
  2509 | D:3      | Slain by Lusmu's ghost

Skill      XL: |  1  2  3  4  5 |
---------------+----------------+-----
Fighting       | 2 3 |  3.0
Armour         | 1 2 |  2.5
Dodging        | 3 |  3.6
Maces & Flails | 1 |  1.1
Slings         | |  5.8
Stealth        | |  1.1

Action                   |  1- 3 |  4- 6 || total
-------------------------+-------+-------++-------
 Fire: Hunting sling     |    96 |   146 ||   242
  Eat: Chunk             |       |     2 ||     2
       Ration            |       |     1 ||     1
Armor: Leather armour    |     6 |    15 ||    21
Dodge: Dodged            |    29 |    63 ||    92
